 Dungeon Crawl Stone Soup version 0.26.1-11-gd32895ea62 (webtiles) character file.

Game seed: 3845994813727885880

315 H0rd4k the Insei (level 6, -2/38 HPs)
             Began as an Octopode Transmuter on July 13, 2021.
             Killed from afar by an orc wizard (9 damage)
             ... with a magic dart
             ... on level 3 of the Dungeon.
             The game lasted 00:03:37 (4137 turns).

H0rd4k the Insei (Octopode Transmuter)              Turns: 4137, Time: 00:03:38

Health: -2/38      AC:  1    Str:  9    XL:     6   Next: 43%
Magic:  9/10       EV: 14    Int: 17    God:
Gold:   71         SH:  0    Dex: 13    Spells: 6/10 levels left

rFire    . . .     SeeInvis .     - Unarmed
rCold    . . .     Faith    .   (no shield)
rNeg     . . .     Spirit   .   (helmet restricted)
rPois    .         Reflect  .   (no amulet)
rElec    .         Harm     .   n - ring of willpower
rCorr    .         Rampage  .   (no ring)
Will     +....                  (no ring)
Stlth    ++........             (no ring)
HPRegen  0.12/turn              (no ring)
MPRegen  0.12/turn              (no ring)
                                (no ring)
                                (no ring)

@: no status effects
A: almost no armour, stealthy swim, amphibious, 8 rings, constrict 8, camouflage
1, gelatinous body 1
a: no special abilities


You were on level 3 of the Dungeon.
You visited 1 branch of the dungeon, and saw 4 of its levels.

You collected 71 gold pieces.

Inventory:

Missiles
 e - 17 poisoned darts
Jewellery
 n - a ring of willpower (left tentacle)
Scrolls
 a - 3 scrolls of remove curse {unknown}
 b - a scroll of fear {unknown}
 c - 2 scrolls of identify {unknown}
 i - a scroll of immolation {unknown}
 j - 2 scrolls of enchant armour {unknown}
 k - 5 scrolls of teleportation {unknown}
 l - a scroll of enchant weapon {unknown}
 o - 2 scrolls of blinking {unknown}
Potions
 d - a potion of brilliance {unknown}
 f - 2 potions of heal wounds {unknown}
 g - a potion of ambrosia {unknown}
 h - a potion of flight {unknown}
 m - a potion of curing {unknown}
 p - a potion of berserk rage {unknown}
 q - a potion of attraction {unknown}


   Skills:
 + Level 1.4 Fighting
 + Level 2.8 Dodging
 - Level 0.1 Stealth
 + Level 5.3 Unarmed Combat
 * Level 2.9 Spellcasting
 * Level 3.0 Transmutations
 + Level 1.3 Poison Magic


You had 6 spell levels left.
You knew the following spells:

 Your Spells              Type           Power        Failure   Level
a - Beastly Appendage     Tmut           24%          4%          1
b - Spider Form           Tmut/Pois      5%           22%         3

Your spell library contained the following spells:

 Spells                   Type           Power        Failure   Level
 Wereblood                Tmut           12%          8%          2
 Magic Dart               Conj           8%           19%         1
 Blink                    Tloc           N/A          26%         2
 Call Imp                 Summ           2%           26%         2
 Slow                     Hex            2%           26%         2
 Mephitic Cloud           Conj/Pois/Air  4%           41%         3
 Conjure Flame            Conj/Fire      2%           47%         3
 Ice Form                 Ice/Tmut       7%           67%         4
 Blade Hands              Tmut           6%           80%         5


Dungeon Overview and Level Annotations

Branches:
Dungeon (4/15)
 Temple: D:4-7

Altars:

Annotations:
D:2 exclusion: downstairs


Innate Abilities, Weirdness & Mutations

You cannot wear most types of armour.
You are very stealthy in the water. (Stealth+)
You are amphibious.
You can wear up to eight rings at the same time.
You can use your tentacles to constrict eight enemies at once.
Your skin changes colour to match your surroundings (Stealth+).
Your rubbery body absorbs attacks. (AC +1, EV +1)


Message History

You kill the orc priest!
Your Transmutations skill increases to level 3!
You hit something. Something hits you.
* * * LOW HITPOINT WARNING * * *
The orc priest calls down the wrath of Beogh upon you.
There is a stone staircase leading up here.
You climb upwards.
Reactivating autopickup.
There is a stone staircase leading down here.
You start resting.
Something barely misses you.
You start resting.
Your transformation has ended.
You hear some strange, mumbled words.
Deactivating autopickup; reactivate with Ctrl-A.
Something tries to affect you, but you resist.
You start resting.
Something hits you but does no damage.
You hear some strange, mumbled words.
A magic dart appears from out of thin air!
The magic dart hits you!
You die...

#........ #........
######### #........
#.......# #####.##.##
#.......# #..........
#.......# #.........)
#.......####### #..........
#.......#.....# #..........
#.......#.{@..# #..........
#.............#######.####..
#.......#..........>........
#########.........##........
#.....###..#........ #######
##.......... ########
###........ #......#
#........ #......#
##........


There were no monsters in sight!

Vanquished Creatures
  A hound (D:4)
  An orc priest (D:4)
  2 orc wizards (D:4)
  An iguana (D:3)
  Robin (D:3)
  A gnoll (D:4)
  5 adders (D:2)
  An ooze (D:1)
  3 worms
  2 dart slugs (D:1)
  6 leopard geckos
  5 orcs (D:4)
  A giant cockroach (D:4)
  11 goblins
  9 hobgoblins
  5 jackals
  6 kobolds
  12 bats
  2 frilled lizards
  7 rats
82 creatures vanquished.

Vanquished Creatures (others)
  4 plants (D:4)
4 creatures vanquished.

Grand Total: 86 creatures vanquished

Notes
Turn   | Place    | Note
-------+----------+-------------------------------------------
     0 | D:1      | H0rd4k the Octopode Transmuter began the quest for the Orb.
     0 | D:1      | Reached XP level 1. HP: 13/13 MP: 3/3
   586 | D:1      | Reached XP level 2. HP: 13/18 MP: 5/5
   955 | D:1      | Reached XP level 3. HP: 23/23 MP: 6/6
   959 | D:1      | Learned a level 3 spell: Spider Form
  1518 | D:2      | Reached skill level 4 in Unarmed Combat
  1559 | D:2      | Reached XP level 4. HP: 23/28 MP: 7/7
  2398 | D:2      | Reached skill level 1 in Poison Magic
  2688 | D:3      | Noticed Robin
  2935 | D:2      | Reached XP level 5. HP: 17/33 MP: 8/8
  3359 | D:3      | Killed Robin
  3832 | D:4      | Reached skill level 5 in Unarmed Combat
  3844 | D:4      | Reached XP level 6. HP: 25/38 MP: 5/10
  4137 | D:3      | Killed from afar by an orc wizard

Illustrated notes

Levels and vault maps discovered:
D:1:      nicolae_arrival_somewhat_less_tricky_arrival, layout_basic,
          minmay_bisected
D:2:      layout_basic
D:3:      layout_rooms, uniq_robin
D:4:      layout_rooms, serial_bayou_ford_a, lexackson_kobold_supper

Skill      XL: |  1  2  3  4  5  6 |
---------------+-------------------+-----
Unarmed Combat | 4 5 |  5.3
Poison Magic   | 1 |  1.3
Transmutations | 3 |  3.0
Fighting       | |  1.4
Dodging        | |  2.8
Stealth        | |  0.1
Spellcasting   | |  2.9

Action                   |  1- 3 |  4- 6 || total
-------------------------+-------+-------++-------
Melee: Unarmed           |    79 |   137 ||   216
       Tentacles         |    12 |    21 ||    33
       Constrict         |    15 |    31 ||    46
       Punch             |     2 |     2 ||     4
 Cast: Spider Form       |     1 |     6 ||     7
 Stab: Sleeping          |     2 |     9 ||    11
Armor: Skin              |    14 |     6 ||    20
Dodge: Dodged            |    66 |    94 ||   160
